BSA
VISTA PANTHERS @ KANSAS CITY KINGS
06/29/2030
 
TOP OF THE 1ST
Vista Panthers batting - Pitching for Kansas City Kings : RHP Luis Vargas
Pitching: RHP Luis Vargas
Batting: RHB Gustavo Torres 0-0: Swinging Strike
0-1: Ball
1-1: Foul Ball, location: 2F
1-2: Foul Ball, location: 2F
1-2: Strikes out swinging
Batting: LHB Clyde Yarbrough 0-0: Ball
1-0: Swinging Strike
1-1: Ball
2-1: Fly out, F8 (Flyball, 89D)
Batting: RHB Jake Reeves 0-0: Foul Ball, location: 2F
0-1: Ball
1-1: Ground out 4-3 (Groundball, 4)
Top of the 1st over - 0 runs, 0 hits, 0 errors, 0 left on base; Vista 0 - Kansas City 0
BOTTOM OF THE 1ST
Kansas City Kings batting - Pitching for Vista Panthers : RHP Dillon Nelson
Pitching: RHP Dillon Nelson
Batting: RHB Chris Chandler 0-0: Called Strike
0-1: Ball
1-1: SINGLE (Groundball, 56S) (infield hit)
Batting: RHB Cy Keynes 0-0: Foul Ball, location: 2F
0-1: Ball
1-1: Ball
2-1: Foul Ball, location: 2F
2-2: Strikes out looking
Batting: RHB Dave Parker 0-0: Grounds into double play, 6-4-3 (Groundball, 6)
Bottom of the 1st over - 0 runs, 1 hit, 0 errors, 0 left on base; Vista 0 - Kansas City 0
TOP OF THE 2ND
Vista Panthers batting - Pitching for Kansas City Kings : RHP Luis Vargas
Batting: LHB Dante Owens 0-0: Swinging Strike
0-1: Ball
1-1: Foul Ball, location: 2F
1-2: Ball
2-2: Ball
3-2: Foul Ball, location: 2F
3-2: Foul Ball, location: 2F
3-2: Fly out, F3 (Line Drive, 3S)
Batting: RHB Stephen Wilson 0-0: Ball
1-0: Ball
2-0: Foul Ball, location: 2F
2-1: SOLO HOME RUN (Flyball, 7LD), Distance : 368 ft
Batting: RHB Phil Matthews 0-0: Swinging Strike
0-1: Ball
1-1: Called Strike
1-2: Ball
2-2: Foul Ball, location: 2F
2-2: Foul Ball, location: 2F
2-2: Foul Ball, location: 2F
2-2: Ball
3-2: Strikes out looking
Batting: RHB Justin Burgess 0-0: Ball
1-0: Ball
2-0: SINGLE (Groundball, 34D)
Batting: LHB Francisco Medina 0-0: Called Strike
0-1: Ground out 1-3 (Groundball, 13)
Top of the 2nd over - 1 run, 2 hits, 0 errors, 1 left on base; Vista 1 - Kansas City 0
BOTTOM OF THE 2ND
Kansas City Kings batting - Pitching for Vista Panthers : RHP Dillon Nelson
Batting: SHB Douglas Taylor 0-0: Called Strike
0-1: Ball
1-1: Called Strike
1-2: Foul Ball, location: 2F
1-2: Ball
2-2: Ball
3-2: Strikes out swinging
Batting: RHB Eduardo García 0-0: Ball
1-0: Swinging Strike
1-1: Ball
2-1: Ground out 4-3 (Groundball, 4)
Batting: RHB Rafael Carreón 0-0: Foul Ball, location: 2F
0-1: Swinging Strike
0-2: Strikes out looking
Bottom of the 2nd over - 0 runs, 0 hits, 0 errors, 0 left on base; Vista 1 - Kansas City 0
TOP OF THE 3RD
Vista Panthers batting - Pitching for Kansas City Kings : RHP Luis Vargas
Batting: RHB Luis Ríos 0-0: Swinging Strike
0-1: Ball
1-1: Ground out 4-3 (Groundball, 4M)
Batting: RHB Gustavo Torres 0-0: Ball
1-0: Called Strike
1-1: Called Strike
1-2: Ball
2-2: Fly out, F9 (Flyball, 9S)
Batting: LHB Clyde Yarbrough 0-0: Ball
1-0: Foul Ball, location: 2F
1-1: Ball
2-1: Ball
3-1: Swinging Strike
3-2: Foul Ball, location: 2F
3-2: Foul Ball, location: 2F
3-2: Ground out 6-3 (Groundball, 6)
Top of the 3rd over - 0 runs, 0 hits, 0 errors, 0 left on base; Vista 1 - Kansas City 0
BOTTOM OF THE 3RD
Kansas City Kings batting - Pitching for Vista Panthers : RHP Dillon Nelson
Batting: RHB Eric Fuller 0-0: Ball
1-0: Called Strike
1-1: Ball
2-1: Swinging Strike
2-2: Reached on error, E1 (Groundball, 15)
Batting: SHB Álex Hernández 0-0: Called Strike
0-1: Foul Ball, location: 2F
0-2: Ball
1-2: Strikes out swinging
Batting: RHB Oliver Lugo 0-0: Ball
1-0: Ball
2-0: Ball
3-0: Called Strike
3-1: Foul Ball, location: 2F
3-2: Foul Ball, location: 2F
3-2: 2-RUN HOME RUN (Flyball, 7LD), Distance : 363 ft
Batting: RHB Chris Chandler 0-0: Ball
1-0: Called Strike
1-1: Ball
2-1: Foul Ball, location: 2F
2-2: Foul Ball, location: 2F
2-2: Foul Ball, location: 2F
2-2: Ground out 6-3 (Groundball, 6)
Batting: RHB Cy Keynes 0-0: Called Strike
0-1: Swinging Strike
0-2: Ball
1-2: Fly out, F9 (Line Drive, 89M)
Bottom of the 3rd over - 2 runs, 1 hit, 1 error, 0 left on base; Vista 1 - Kansas City 2
TOP OF THE 4TH
Vista Panthers batting - Pitching for Kansas City Kings : RHP Luis Vargas
Batting: RHB Jake Reeves 0-0: Ball
1-0: Ball
2-0: Foul Ball, location: 2F
2-1: Ball
3-1: Foul Ball, location: 2F
3-2: Foul Ball, location: 2F
3-2: Reached on error, E6 (Groundball, 56D)
Batting: LHB Dante Owens 0-0: Foul Ball, location: 2F
0-1: Foul Ball, location: 2F
0-2: Foul Ball, location: 2F
0-2: Foul Ball, location: 2F
0-2: Ball
Wild Pitch!
Jake Reeves to second
1-2: Foul Ball, location: 2F
1-2: Strikes out swinging
Batting: RHB Stephen Wilson 0-0: Ball
Wild Pitch!
Jake Reeves to third
1-0: Ball
2-0: Called Strike
2-1: Foul Ball, location: 2F
2-2: Foul Ball, location: 2F
2-2: Ball
3-2: Fly out, F8 (Flyball, 8LS)
Runner from 3rd tags up, SCORES, no throw
Batting: RHB Phil Matthews 0-0: SOLO HOME RUN (Flyball, 78XD), Distance : 393 ft
Batting: RHB Justin Burgess 0-0: Ball
1-0: Swinging Strike
1-1: Ball
2-1: Called Strike
2-2: Strikes out looking
Top of the 4th over - 2 runs, 1 hit, 1 error, 0 left on base; Vista 3 - Kansas City 2
BOTTOM OF THE 4TH
Kansas City Kings batting - Pitching for Vista Panthers : RHP Dillon Nelson
Batting: RHB Dave Parker 0-0: Ball
1-0: Called Strike
1-1: Ball
2-1: Ground out 5-3 (Groundball, 56S)
Batting: SHB Douglas Taylor 0-0: SINGLE (Line Drive, 8RS)
Batting: RHB Eduardo García Pickoff Throw to First - Out!
0-0: Swinging Strike
0-1: Swinging Strike
0-2: Ball
1-2: Foul Ball, location: 2F
1-2: Strikes out swinging
Bottom of the 4th over - 0 runs, 1 hit, 0 errors, 0 left on base; Vista 3 - Kansas City 2
TOP OF THE 5TH
Vista Panthers batting - Pitching for Kansas City Kings : RHP Luis Vargas
Batting: LHB Francisco Medina 0-0: Called Strike
0-1: Called Strike
0-2: Ball
1-2: Foul Ball, location: 2F
1-2: Fly out, F9 (Flyball, 89S)
Batting: RHB Luis Ríos 0-0: SINGLE (Line Drive, 78M)
Batting: RHB Gustavo Torres 0-0: Called Strike
0-1: TRIPLE (Flyball, 9LD)
Luis Ríos scores
Batting: LHB Clyde Yarbrough 0-0: Ball
1-0: Called Strike
1-1: Ball
2-1: 2-RUN HOME RUN (Flyball, 89XD), Distance : 374 ft
Batting: RHB Jake Reeves 0-0: Called Strike
0-1: Ball
1-1: Ground out 6-3 (Groundball, 6)
Batting: LHB Dante Owens 0-0: Ball
1-0: Called Strike
1-1: SINGLE (Groundball, 34D)
Pitching: RHP Brian Hull
Batting: RHB Stephen Wilson 0-0: Ground out 4-3 (Groundball, 34)
Top of the 5th over - 3 runs, 4 hits, 0 errors, 1 left on base; Vista 6 - Kansas City 2
BOTTOM OF THE 5TH
Kansas City Kings batting - Pitching for Vista Panthers : RHP Dillon Nelson
Batting: RHB Rafael Carreón 0-0: Ground out 2-3 (Groundball, 15S)
Batting: RHB Eric Fuller 0-0: Ball
1-0: SOLO HOME RUN (Flyball, 7D), Distance : 373 ft
Batting: SHB Álex Hernández 0-0: Ball
1-0: Swinging Strike
1-1: Ball
2-1: Foul Ball, location: 2F
2-2: Fly out, F6 (Line Drive, 6)
Batting: RHB Oliver Lugo 0-0: Fly out, F8 (Flyball, 8LXD)
Bottom of the 5th over - 1 run, 1 hit, 0 errors, 0 left on base; Vista 6 - Kansas City 3
TOP OF THE 6TH
Vista Panthers batting - Pitching for Kansas City Kings : RHP Brian Hull
Batting: RHB Phil Matthews 0-0: Ball
1-0: Fly out, F8 (Line Drive, 8LD)
Batting: RHB Justin Burgess 0-0: Fly out, F9 (Flyball, 9)
Batting: LHB Francisco Medina 0-0: Called Strike
0-1: Ball
1-1: Called Strike
1-2: Ball
2-2: Ground out U3 (Groundball, 3)
Top of the 6th over - 0 runs, 0 hits, 0 errors, 0 left on base; Vista 6 - Kansas City 3
BOTTOM OF THE 6TH
Kansas City Kings batting - Pitching for Vista Panthers : RHP Dillon Nelson
Batting: RHB Chris Chandler 0-0: Ball
1-0: Called Strike
1-1: Called Strike
1-2: SINGLE (Line Drive, 6MD)
Batting: RHB Cy Keynes 0-0: Ground out 6-3 (Groundball, 6S)
Chris Chandler to second
Batting: RHB Dave Parker 0-0: Called Strike
0-1: SINGLE (Flyball, 89M)
Chris Chandler to third
Runner from 3rd tries for Home, SAFE, no throw
Batting: SHB Douglas Taylor 0-0: Called Strike
0-1: Fly out, F2 (Popup, 15S)
Batting: RHB Eduardo García 0-0: Ground out 4-3 (Groundball, 4)
Bottom of the 6th over - 1 run, 2 hits, 0 errors, 1 left on base; Vista 6 - Kansas City 4
TOP OF THE 7TH
Vista Panthers batting - Pitching for Kansas City Kings : RHP Brian Hull
Batting: RHB Luis Ríos 0-0: Ground out 5-3 (Groundball, 56)
Batting: RHB Gustavo Torres 0-0: Foul Ball, location: 2F
0-1: Ball
1-1: Swinging Strike
1-2: SINGLE (Line Drive, 7LS)
Pitching: LHP Rob Lucas
Batting: LHB Clyde Yarbrough 0-0: Ball
1-0: Ball
2-0: Foul Ball, location: 2F
2-1: SINGLE (Line Drive, 4MD)
Gustavo Torres to second
Pitching: LHP Manuel Parra
Batting: RHB Jake Reeves 0-0: Called Strike
0-1: Ball
1-1: Swinging Strike
1-2: Fly out, F2 (Popup, 2R)
Batting: LHB Dante Owens 0-0: Ball
1-0: Ground out 4-3 (Groundball, 4)
Top of the 7th over - 0 runs, 2 hits, 0 errors, 2 left on base; Vista 6 - Kansas City 4
BOTTOM OF THE 7TH
Kansas City Kings batting - Pitching for Vista Panthers : RHP Dillon Nelson
Batting: RHB Rafael Carreón 0-0: Ball
1-0: Ground out 6-3 (Groundball, 6M)
Batting: RHB Eric Fuller 0-0: SINGLE (Groundball, 4M) (infield hit)
Batting: SHB Álex Hernández 0-0: Ball
1-0: Foul Ball, location: 2F
1-1: Ball
2-1: Fielders Choice at 2nd, 5-4 (Groundball, 56)
Batting: RHB Oliver Lugo 0-0: Ball
1-0: Fly out, F8 (Flyball, 8RM)
Bottom of the 7th over - 0 runs, 1 hit, 0 errors, 1 left on base; Vista 6 - Kansas City 4
TOP OF THE 8TH
Vista Panthers batting - Pitching for Kansas City Kings : LHP Manuel Parra
Batting: RHB Stephen Wilson 0-0: Ball
1-0: Ball
2-0: Called Strike
2-1: Foul Ball, location: 2F
2-2: Foul Ball, location: 2F
2-2: Ball
3-2: Base on Balls
Batting: RHB Phil Matthews 0-0: Swinging Strike
0-1: SINGLE (Line Drive, 78S)
Stephen Wilson to second
Stephen Wilson to third
Batting: RHB Justin Burgess 0-0: Ball
1-0: SINGLE (Line Drive, 78M)
Stephen Wilson scores
Phil Matthews to second
Batting: LHB Francisco Medina 0-0: Ball
1-0: Fielders Choice at 2nd, 4-6 (Groundball, 4)
Phil Matthews to third
Batting: RHB Luis Ríos 0-0: Grounds into double play, 6-4-3 (Groundball, 56)
Top of the 8th over - 1 run, 2 hits, 0 errors, 1 left on base; Vista 7 - Kansas City 4
BOTTOM OF THE 8TH
Kansas City Kings batting - Pitching for Vista Panthers : RHP Dillon Nelson
Batting: RHB Chris Chandler 0-0: Ball
1-0: Ball
2-0: Called Strike
2-1: Ball
3-1: Called Strike
3-2: Fly out, F8 (Flyball, 8LS)
Batting: RHB Cy Keynes 0-0: Called Strike
0-1: Ball
1-1: Ground out 6-3 (Groundball, 56)
Batting: RHB Dave Parker 0-0: Foul Ball, location: 2F
0-1: Fly out, F9 (Flyball, 9LSF)
Bottom of the 8th over - 0 runs, 0 hits, 0 errors, 0 left on base; Vista 7 - Kansas City 4
TOP OF THE 9TH
Vista Panthers batting - Pitching for Kansas City Kings : LHP Manuel Parra
Batting: RHB Gustavo Torres 0-0: Ball
1-0: Called Strike
1-1: Ball
2-1: Fly out, F3 (Popup, 34)
Batting: LHB Clyde Yarbrough 0-0: Fly out, F7 (Line Drive, 7)
Batting: RHB Jake Reeves 0-0: Ball
1-0: Called Strike
1-1: Ball
2-1: SINGLE (Line Drive, 7S)
Batting: LHB Dante Owens 0-0: Ball
1-0: Fly out, F6 (Line Drive, 6)
Top of the 9th over - 0 runs, 1 hit, 0 errors, 1 left on base; Vista 7 - Kansas City 4
BOTTOM OF THE 9TH
Kansas City Kings batting - Pitching for Vista Panthers : RHP Dillon Nelson
Pitching: RHP David Simpson
Batting: SHB Douglas Taylor 0-0: Ball
1-0: Ball
2-0: Called Strike
2-1: Foul Ball, location: 2F
2-2: Foul Ball, location: 2F
2-2: Ball
3-2: Strikes out looking
Batting: RHB Eduardo García 0-0: Called Strike
0-1: Ball
1-1: Ball
2-1: Ground out U3 (Groundball, 3)
Batting: RHB Rafael Carreón 0-0: Called Strike
0-1: Ball
1-1: Ball
2-1: Foul Ball, location: 2F
2-2: Fly out, F7 (Flyball, 7D)
Bottom of the 9th over - 0 runs, 0 hits, 0 errors, 0 left on base; Vista 7 - Kansas City 4
Saturday, April 7th, 2018 - OOTP Baseball 18.8 Build 76